AoeStats
← Tavik

African Clearing

505333184Analyzed
2v2 RM · 23d ago on Sep 8, 2026· 33m 33s· 4 players
Game mode
Random Map
Map size
Medium (4 player)
Population
200
Speed
Normal
Resources
Standard
Victory
Conquest
Starting age
Dark Age
Ending age
Imperial Age
RankedLock teamsTeams togetherTeam positionsShared explorationLock speedFull tech treeHidden civsTurbo modeCheats
Victory
Defeat
🇦🇷 Magyars · Argentina
1286
+19
🇦🇷 Mongols · Argentina
1272
+20
🇨🇿 Malians · Czechia
1391
-21
🇨🇿 Huns · Czechia
1315
-18
Melioth
5:43 Loom
5:50 Loom
13:02 Feudal Age
17:21 Castle Age
16:14 Stone Mining
16:17 Gold Mining
16:09 Horse Collar
16:17 Double-Bit Axe
16:51 Forging
21:41 Scale Barding Armor
23:27 Iron Casting
24:35 Husbandry
25:24 Bloodlines
29:33 Chain Barding Armor
Tavik
3:41 Loom
13:30 Feudal Age
14:06 Man-at-Arms
14:32 Arson
17:22 Scale Mail Armor
28:59 Castle Age
PIUMPIUM
13:45 Feudal Age
13:58 Loom
18:20 Castle Age
16:39 Double-Bit Axe
17:02 Horse Collar
23:15 Fletching
23:26 Padded Archer Armor
29:07 Bodkin Arrow
ASTORONGA
8:05 Loom
9:40 Loom
11:49 Feudal Age
10:07 Loom
12:57 Double-Bit Axe
16:32 Horse Collar
17:35 Bloodlines
17:32 Scale Barding Armor
24:05 Castle Age
24:19 Light Cavalry
25:21 Chain Barding Armor
25:28 Town Watch
26:21 Husbandry
28:09 Wheelbarrow
31:48 Fletching
32:44 Bodkin Arrow
Connection lost

Rejoining the realm…

Still unreachable

The connection could not be restored.

Session expired

The server has moved on; the page needs a fresh start.